 Dungeon Crawl Stone Soup version 0.27-a0-577-ge2a43ba0c9 (webtiles) character file.

Game seed: 4725084800141550157

296794 porpoise the Warrior (level 20, -4/193 HPs)
             Began as a Minotaur Wanderer on Mar 9, 2021.
             Was the Champion of the Shining One.
             Slain by a merfolk impaler
             ... wielding a +6 vorpal trident
              (18 damage)
             ... on level 4 of the Shoals.
             The game lasted 03:51:12 (45869 turns).

porpoise the Warrior (Minotaur Wanderer)           Turns: 45869, Time: 03:51:14

Health: -4/193     AC: 24    Str: 30    XL:     20   Next: 42%
Magic:  19/31      EV: 20    Int: 11    God:    the Shining One [******]
Gold:   1155       SH: 17    Dex: 14    Spells: 4/19 levels left

rFire    . . .     SeeInvis .   a - +9 eveningstar (holy)
rCold    . . .     Faith    .   Q - +2 kite shield {reflect}
rNeg     + + +     Spirit   .   z - +5 scale mail "Padeti" {rCorr Str+7}
rPois    +         Reflect  +   W - +0 hat {Int+3}
rElec    .         Harm     .   A - +2 cloak {rPois}
rCorr    +         Rampage  .   N - +2 pair of gloves {archery}
Will     +....                  c - +0 pair of boots
Stlth    ..........             n - amulet of regeneration
HPRegen  1.42/turn              d - +4 ring of slaying
MPRegen  0.22/turn              C - +4 ring of evasion

@: spiked, glowing, studying Stealth
A: horns 2, retaliatory headbutt
}: 1/15 runes: serpentine
a: Renounce Religion, Divine Shield, Cleansing Flame, Summon Divine Warrior


You were on level 4 of the Shoals.
You worshipped the Shining One.
The Shining One was exalted by your worship.
You visited 7 branches of the dungeon, and saw 35 of its levels.
You also visited: Wizlab.

You collected 5229 gold pieces.
You spent 4074 gold pieces at shops.

Inventory:

Hand Weapons
 a - a +9 eveningstar of holy wrath (weapon)
 b - the +12 hunting sling "Yrhal" {freeze, rF+ rN++}
   (You found it on level 3 of the Elven Halls)

   It causes projectiles fired from it to freeze those they strike, causing
   extra injury to most foes and up to half again as much damage against
   particularly susceptible opponents.
   They can also slow down cold-blooded creatures.
   It protects you from fire.
   It greatly protects you from negative energy.
Missiles
 t - 28 javelins
 u - 210 sling bullets
 w - 14 boomerangs
 y - 3 throwing nets
 D - 14 poisoned darts
 F - 5 curare-tipped darts (quivered)
Armour
 c - a +0 pair of boots (worn)
 z - the +5 scale mail "Padeti" (worn) {rCorr Str+7}
   (You bought it in a shop on level 7 of the Dungeon)

   It affects your strength (+7).
   It provides partial protection from all sources of acid and corrosion.
 A - a +2 cloak of poison resistance (worn)
 N - a +2 pair of gloves of archery (worn)
 Q - a +2 kite shield of reflection (worn)
 W - a +0 hat of intelligence (worn)
Jewellery
 d - a +4 ring of slaying (left hand)
 n - an amulet of regeneration (around neck)
 C - a +4 ring of evasion (right hand)
 E - a ring of willpower
 U - a ring of protection from fire
 X - a ring of protection from cold
Wands
 f - a wand of mindburst (29)
 h - a wand of paralysis (28)
 i - a wand of acid (51)
 v - a wand of charming (15)
 H - a wand of flame (20)
 J - a wand of iceblast (30)
Scrolls
 e - 2 scrolls of silence
 j - 6 scrolls of fog
 k - 5 scrolls of teleportation
 l - a scroll of summoning
 m - 3 scrolls of fear
 q - 12 scrolls of identify
 r - 3 scrolls of blinking
 s - 4 scrolls of magic mapping
 L - 2 scrolls of immolation
 P - a scroll of holy word
Potions
 g - 6 potions of lignification
 o - 2 potions of ambrosia
 p - 3 potions of haste
 x - 6 potions of attraction
 B - 18 potions of curing
 G - a potion of resistance
 K - 7 potions of heal wounds
 M - 2 potions of might
Miscellaneous
 I - a phantom mirror
 O - a lightning rod (4/4)
 R - a tin of tremorstones (2/2)


   Skills:
 - Level 20.0 Fighting
 - Level 3.6 Long Blades
 - Level 1.2(10.9) Axes
 + Level 16.1(16.2) Maces & Flails
 - Level 11.5(12.0) Slings
 - Level 5.0(8.5) Throwing
 + Level 15.8 Armour
 - Level 12.0 Dodging
 - Level 1.0 Stealth
 - Level 15.0 Shields
 - Level 16.0 Invocations
 - Level 9.0 Evocations


You had 4 spell levels left.
You knew the following spells:

 Your Spells              Type           Power      Damage    Failure   Level
a - Apportation           Tloc           0%         N/A       50%         1
k - Blink                 Tloc           N/A        N/A       65%         2
m - Manifold Assault      Tloc           0%         N/A       99%         4
n - Animate Armour        Summ/Erth      0%         N/A       99%         4
r - Airstrike             Air            0%         N/A       99%         4

Your spell library contained the following spells:

 Spells                   Type           Power      Damage    Failure   Level
 Animate Skeleton         Necr           0%         N/A       50%         1
 Beastly Appendage        Tmut           0%         N/A       50%         1
 Corona                   Hex            0%         N/A       50%         1
 Foxfire                  Conj/Fire      0%         2x1d4     50%         1
 Freeze                   Ice            0%         1d3       50%         1
 Magic Dart               Conj           0%         1d3       50%         1
 Sandblast                Erth           0%         2d4       50%         1
 Shock                    Conj/Air       0%         1d3       50%         1
 Summon Small Mammal      Summ           0%         N/A       50%         1
 Call Imp                 Summ           0%         N/A       65%         2
 Ensorcelled Hibernation  Hex/Ice        0%         N/A       65%         2
 Passwall                 Tmut/Erth      0%         N/A       65%         2
 Poisonous Vapours        Pois/Air       0%         N/A       65%         2
 Searing Ray              Conj           0%         3d3       65%         2
 Slow                     Hex            0%         N/A       65%         2
 Swiftness                Air            0%         N/A       65%         2
 Call Canine Familiar     Summ           0%         N/A       86%         3
 Confusing Touch          Hex            0%         N/A       86%         3
 Conjure Flame            Conj/Fire      0%         6-21      86%         3
 Dazzling Flash           Conj/Hex       0%         N/A       86%         3
 Frozen Ramparts          Ice            0%         1d2       86%         3
 Gell's Gravitas          Tloc           0%         N/A       86%         3
 Inner Flame              Hex/Fire       0%         N/A       86%         3
 Lesser Beckoning         Tloc           0%         N/A       86%         3
 Mephitic Cloud           Conj/Pois/Air  0%         N/A       86%         3
 Ozocubu's Armour         Ice            0%         N/A       86%         3
 Static Discharge         Conj/Air       0%         N/A       86%         3
 Stone Arrow              Conj/Erth      0%         3d7       86%         3
 Summon Guardian Golem    Hex/Summ       0%         N/A       86%         3
 Teleport Other           Tloc           0%         N/A       86%         3
 Tukima's Dance           Hex            0%         N/A       86%         3
 Cause Fear               Hex            0%         N/A       99%         4
 Fulminant Prism          Conj/Hex       0%         3d6       99%         4
 Hailstorm                Conj/Ice       0%         3d3       99%         4
 Iskenderun's Mystic Bla  Conj/Tloc      0%         2d3       99%         4
 Leda's Liquefaction      Hex/Erth       0%         N/A       99%         4
 Passage of Golubria      Tloc           N/A        N/A       99%         4
 Petrify                  Tmut/Erth      0%         N/A       99%         4
 Sticky Flame             Conj/Fire      0%         2d3       99%         4
 Summon Ice Beast         Ice/Summ       0%         N/A       99%         4
 Summon Lightning Spire   Summ/Air       0%         N/A       99%         4
 Alistair's Intoxication  Tmut/Pois      0%         N/A       100%        5
 Bolt of Magma            Conj/Fire/Erth 0%         4d4       100%        5
 Borgnjor's Vile Clutch   Necr/Erth      0%         N/A       100%        5
 Excruciating Wounds      Necr           0%         N/A       100%        5
 Fireball                 Conj/Fire      0%         3d3       100%        5
 Lee's Rapid Deconstruct  Erth           0%         3d5*      100%        5
 Lightning Bolt           Conj/Air       0%         1d11      100%        5
 Metabolic Englaciation   Hex/Ice        0%         N/A       100%        5
 Silence                  Hex/Air        0%         N/A       100%        5
 Summon Forest            Summ/Tloc      0%         N/A       100%        5
 Yara's Violent Unravell  Hex/Tmut       0%         3d3       100%        5
 Conjure Ball Lightning   Conj/Air       0%         3x3d6     100%        6
 Invisibility             Hex            0%         N/A       100%        6
 Iron Shot                Conj/Erth      0%         9d1       100%        6
 Shadow Creatures         Summ           N/A        N/A       100%        6
 Statue Form              Tmut/Erth      0%         N/A       100%        6
 Dragon Form              Tmut           0%         N/A       100%        7
 Malign Gateway           Summ/Tloc      0%         N/A       100%        7
 Summon Hydra             Summ           0%         N/A       100%        7
 Ignition                 Fire           0%         3d3       100%        8
 Dragon's Call            Summ           0%         N/A       100%        9
 Shatter                  Erth           0%         3d5*      100%        9
 Tornado                  Air            0%         N/A       100%        9


Dungeon Overview and Level Annotations

Branches:
Dungeon (15/15)            Temple (1/1) D:4            Lair (6/6) D:10
 Shoals (4/4) Lair:4        Snake (4/4) Lair:4        Slime (0/5) Lair:5
    Orc (2/2) D:12            Elf (3/3) Orc:2        Vaults (0/5) D:13
 Depths (0/5) D:15         WizLab (visited)

Altars:
Ashenzari
Cheibriados
Dithmenos
Elyvilon
Fedhas
Gozag
Hepliaklqana
Kikubaaqudgha
Makhleb
Nemelex Xobeh
Okawaru
Qazlal
Ru
Sif Muna
Trog
Uskayaw
Vehumet
Wu Jian
Xom
Yredelemnul
Zin
The Shining One

Shops:
D:6 =   D:7 [((=:   Orc:1 *   Orc:2 !??   Elf:2 *   Shoals:2 [   Shoals:3 =
Snake:1 =*[[   Snake:2 (   Snake:4 *[


Innate Abilities, Weirdness & Mutations

You have a pair of horns on your head.
You reflexively headbutt those who attack you in melee.


Message History

The merfolk aquamancer points at you and mumbles some strange words.
Your +2 kite shield of reflection reflects the shard of ice!
The shard of ice hits the merfolk aquamancer!!!
You kill the merfolk aquamancer!
You block the merfolk impaler's attack. The merfolk impaler barely misses you.
You furiously retaliate!
You headbutt the merfolk impaler! You block the merfolk impaler's attack.
You hit the merfolk impaler.
The merfolk impaler is moderately wounded.
The merfolk impaler hits you from afar with a +6 vorpal trident.
* * * LOW HITPOINT WARNING * * *
x2 The merfolk impaler closely misses you.
You impale the merfolk impaler!!
The merfolk impaler is almost dead.
The merfolk impaler hits you but does no damage.
You bludgeon the merfolk impaler!!
You kill the merfolk impaler!
A manticore comes into view.
The merfolk impaler misses you.
The merfolk impaler hits you with a +6 vorpal trident!
* * * LOW HITPOINT WARNING * * *
x2 You block the merfolk impaler's attack.
You spit the merfolk impaler like a pig!!!
The merfolk impaler is heavily wounded.
The merfolk impaler hits you but does no damage.
You closely miss the merfolk impaler. You headbutt the merfolk impaler!
The merfolk impaler is heavily wounded.
You block the merfolk impaler's attack.
You puncture the merfolk impaler! You headbutt the merfolk impaler!
The merfolk impaler is almost dead.
The merfolk impaler hits you with a +6 vorpal trident.
* * * LOW HITPOINT WARNING * * *
x2 You closely miss the merfolk impaler.
You headbutt the merfolk impaler.
The merfolk impaler is almost dead.
The manticore flicks its tail.
The volley of spikes hits you!
The barbed spikes become lodged in your body.
* * * LOW HITPOINT WARNING * * *
The merfolk impaler hits you with a +6 vorpal trident!!
You die...

.≈≈P≈≈≈≈≈≈........)≈≈≈≈≈≈≈≈≈≈...#
.≈≈≈P≈≈P..............≈≈≈≈≈≈....#
.≈≈≈≈≈≈...............≈≈≈≈≈≈....#
.PP≈≈≈P............).≈≈≈≈≈≈≈....#
.≈≈≈≈≈≈..............≈≈≈≈≈≈≈....#
≈≈≈≈≈≈≈...............≈≈≈≈≈≈≈....
PP≈≈≈≈≈................≈≈≈≈≈≈≈..†
≈P≈P≈P≈........).......≈≈≈≈≈≈≈≈..
P≈≈≈≈≈≈....H....@m..≈†..≈≈≈≈≈≈≈≈≈
≈P≈.≈≈≈......######.≈)..≈≈≈≈≈≈≈≈≈
.P≈≈.≈≈≈....##≈..))#)..≈≈≈≈≈≈≈≈≈≈
..≈≈.≈≈≈≈≈.##≈...m#≈#)≈≈≈≈≈≈≈≈≈≈≈
..≈≈.≈≈≈≈≈≈#≈..#≈. # #≈≈≈≈≈≈≈≈≈≈≈
≈≈≈≈≈≈≈≈≈≈≈#≈.≈≈≈ ≈≈≈≈≈≈≈≈≈≈≈
≈≈≈..≈≈≈≈≈≈# .≈## ≈≈≈≈≈≈≈≈≈≈≈
.##.....≈≈≈#≈.. ≈≈≈≈≈≈≈≈≈≈≈ .
##.....≈≈#≈# m ≈≈≈


You could see a merfolk impaler and a manticore.

Vanquished Creatures
  Vashnia (Snake:2)
  A Hellbinder (WizLab)
  3 deep elf master archers (Elf:3)
  4 deep elf blademasters (Elf:3)
  Polyphemus (Shoals:2)
  Agnes (D:15)
  A storm dragon (D:12)
  13 nagarajas
  The ghost of Fekhlan the Champion of Chaos, a journeyman DDNe of Makhleb (Snake:2)
  Ilsuiw (Shoals:2)
  Aizul (Snake:1)
  6 deep elf sorcerers (Elf:3)
  A frost giant (Shoals:3)
  4 deep elf elementalists
  2 deep elf demonologists
  7 deep elf annihilators
  A dire elephant (Lair:6)
  2 ettins (Orc:1)
  A green death (WizLab)
  10 merfolk impalers
  5 merfolk javelineers
  4 deep elf death magi
  A deep elf high priest (Elf:3)
  Harold (D:11)
  12 naga warriors
  A hell beast (WizLab)
  10 hydras
  3 merfolk avatars
  2 alligator snapping turtles
  4 catoblepae
  16 anacondas
  4 ogre magi
  2 centaur warriors (D:13)
  4 merfolk aquamancers
  Erica (D:10)
  13 two-headed ogres
  24 dancing weapons
  A deep troll shaman (Lair:6)
  12 death yaks
  A vampire mage (D:15)
  Urug (Lair:1)
  2 shock serpents
  21 naga sharpshooters
  A soul eater (WizLab)
  A sun demon (WizLab)
  16 deep elf knights
  5 salamander mystics
  2 skeletal warriors (D:15)
  4 unseen horrors
  A sixfirhy (WizLab)
  2 large abominations (Elf:3)
  2 deep trolls (Orc:1)
  19 sea snakes
  A wizard (D:13)
  A lindwurm (D:13)
  9 naga ritualists
  A flayed ghost (D:12)
  2 shadow demons (WizLab)
  6 deep elf archers
  2 orc knights (Orc:1)
  29 deep elf zephyrmancers
  14 harpies
  33 deep elf pyromancers
  3 necromancers
  An ugly thing (D:12)
  10 mana vipers
  2 frost giant zombies (D:15)
  An orc sorcerer (Elf:2)
  13 cyclopes
  14 fauns
  14 manticores
  4 oklob plants (Lair:1)
  14 salamanders
  9 elephants
  9 merfolk sirens
  38 black mambas
  A smoke demon (WizLab)
  Maurice (D:10)
  A stone giant skeleton (D:15)
  Joseph (D:10)
  2 rust devils (WizLab)
  4 water nymphs (Shoals:4)
  9 guardian serpents
  12 cane toads
  16 naga magi
  An orange demon (WizLab)
  3 gargoyles
  3 rime drakes
  15 komodo dragons
  A tormentor (WizLab)
  A kobold demonologist (D:11)
  An ice devil (WizLab)
  2 red devils (WizLab)
  A hellwing (WizLab)
  3 meliai (D:13)
  2 polar bears (Lair:3)
  17 trolls
  4 wind drakes
  A hornet (D:9)
  13 slime creatures
  26 merfolk
  10 blink frogs
  The ghost of Dvallin the Digger, an amateur GrEE of Cheibriados (D:4)
  10 snapping turtles
  38 yaks
  17 water elementals
  A spriggan (Lair:5)
  A spriggan skeleton (D:15)
  A ynoxinul (WizLab)
  5 basilisks
  2 wraiths
  2 humans (D:9)
  A wyvern (D:12)
  A neqoxec (WizLab)
  2 fire elementals
  3 chaos spawn (WizLab)
  3 vampire mosquitoes (D:14)
  11 water moccasins
  A soldier ant (D:11)
  56 nagas
  An acid dragon (D:11)
  19 orc warriors
  3 ice beasts
  6 black bears
  7 sky beasts
  A swamp drake (D:12)
  An eye of draining (D:12)
  31 ogres
  23 wolves
  10 centaurs
  4 phantoms
  3 elf zombies (Elf:3)
  2 kobold brigands (D:8)
  An earth elemental (Elf:3)
  16 bullfrogs
  A gnoll sergeant (D:8)
  6 scorpions
  19 killer bees
  7 wights
  4 electric eels
  2 howler monkeys
  2 bullfrog zombies
  4 centaur zombies
  3 centaur skeletons
  4 jellies
  10 hounds
  21 orc priests
  Crazy Yiuf (D:4)
  3 bullfrog skeletons
  3 iguanas
  7 hell rats (Lair:2)
  21 orc wizards
  9 worker ants
  2 killer bee zombies
  A hound skeleton (D:4)
  A worker ant zombie (D:11)
  13 gnolls
  15 adders
  2 shadow imps
  6 white imps
  An ufetubus (D:8)
  An adder skeleton (D:5)
  A worm (D:2)
  9 leopard geckos
  85 orcs
  2 ball pythons
  6 bats
  8 giant cockroaches
  12 hobgoblins
  11 jackals
  14 kobolds
  10 quokkas
  2 frilled lizards (D:2)
  7 goblins
  A jackal skeleton (D:4)
  A leopard gecko skeleton (D:7)
  10 rats
1273 creatures vanquished.

Vanquished Creatures (collateral kills)
  An orc warlord (Orc:1)
  A blizzard demon (WizLab)
  Erolcha (D:13)
  A deep elf pyromancer (D:13)
  An ugly thing (D:13)
  An orange demon (WizLab)
  A tormentor (WizLab)
  2 slime creatures (D:13)
  4 yaks (D:13)
  A chaos spawn (WizLab)
14 creatures vanquished.

Vanquished Creatures (others)
  A blood saint (WizLab)
  A dancing weapon (Elf:1)
  A sun demon (WizLab)
  A sixfirhy (WizLab)
  2 deep elf zephyrmancers
  2 orcs (D:12)
  7 fungi
  52 plants
  A withered plant (D:15)
68 creatures vanquished.

Grand Total: 1355 creatures vanquished

Notes
Turn   | Place    | Note
-------+----------+-------------------------------------------
     0 | D:1      | porpoise the Minotaur Wanderer began the quest for the Orb.
     0 | D:1      | porpoise set off with the following items: a +2 falchion, a
                  | +0 ring mail, a +0 hand axe
     0 | D:1      | Reached XP level 1. HP: 18/18 MP: 0/0
    83 | D:1      | Reached skill level 1 in Maces & Flails
   158 | D:1      | Reached XP level 2. HP: 25/25 MP: 1/1
   179 | D:1      | Reached skill level 3 in Fighting
   486 | D:1      | Reached XP level 3. HP: 31/31 MP: 2/2
   968 | D:2      | Found a sparkling altar of Nemelex Xobeh.
  1025 | D:2      | Reached skill level 4 in Fighting
  1253 | D:2      | Reached XP level 4. HP: 40/40 MP: 3/3
  1349 | D:2      | Found a glowing silver altar of Zin.
  2344 | D:4      | Reached XP level 5. HP: 47/47 MP: 4/4
  2353 | D:4      | Reached skill level 5 in Fighting
  2441 | D:4      | Found a staircase to the Ecumenical Temple.
  2458 | Temple   | Entered the Ecumenical Temple
  2704 | D:4      | Reached skill level 5 in Maces & Flails
  2704 | D:4      | Reached XP level 6. HP: 56/57 MP: 5/5
  2712 | D:4      | Reached skill level 6 in Fighting
  2897 | D:4      | Found a runed translucent door.
  2901 | D:4      | Noticed Dvallin's ghost (amateur GrEE)
  3126 | D:4      | Found a runed translucent door.
  3127 | D:4      | Noticed Crazy Yiuf
  3133 | D:4      | Killed Crazy Yiuf
  3227 | D:5      | Entered Level 5 of the Dungeon
  3430 | D:5      | Reached XP level 7. HP: 17/64 MP: 6/6
  3541 | D:5      | Found a white marble altar of Elyvilon.
  3621 | D:5      | Reached skill level 7 in Fighting
  3632 | D:5      | Found a glowing golden altar of the Shining One.
  3640 | D:5      | Became a worshipper of the Shining One
  4287 | D:6      | Reached skill level 1 in Invocations
  4368 | D:6      | Reached XP level 8. HP: 73/73 MP: 8/8
  4457 | D:6      | Reached * piety under the Shining One
  4476 | D:6      | Reached skill level 5 in Armour
  4766 | D:6      | Found Dodoewik's Jewellery Boutique.
  4863 | D:6      | Found an ornate altar of the Wu Jian Council.
  5122 | D:7      | Found Nuidghio's Book Boutique.
  5282 | D:7      | Found Jusul's Jewellery Shoppe.
  5376 | D:7      | Reached XP level 9. HP: 79/79 MP: 10/10
  5444 | D:7      | Found Fitahi Guiq's Weapon Shop.
  5461 | D:7      | Reached skill level 1 in Dodging
  5590 | D:7      | Found Vyabew's Antique Armour Shoppe.
  5600 | D:7      | Bought a masterwork scale mail for 189 gold pieces
  5600 | D:7      | Identified the +5 scale mail "Padeti" {rCorr Str+7} (You
                  | bought it in a shop on level 7 of the Dungeon)
  5600 | D:7      | Bought a pair of gloves for 94 gold pieces
  5639 | D:7      | Found Ovoumuid's Weapon Shop.
  5646 | D:7      | Reached skill level 10 in Maces & Flails
  5892 | D:8      | Identified the +1 leather armour of the Eternal Void
                  | {Dex+2}
  5946 | D:8      | Reached ** piety under the Shining One
  6272 | D:8      | Reached skill level 5 in Invocations
  6353 | D:8      | Reached skill level 1 in Evocations
  6931 | D:9      | Reached skill level 5 in Dodging
  6931 | D:9      | Reached XP level 10. HP: 86/86 MP: 12/12
  7118 | D:9      | Reached *** piety under the Shining One
  7184 | D:9      | Found a broken altar of Ashenzari.
  7319 | D:9      | Found an iron altar of Okawaru.
  7410 | D:9      | HP: 1/86 [slime creature (5)]
  7715 | D:10     | Entered Level 10 of the Dungeon
  7803 | D:10     | Noticed Joseph
  7822 | D:10     | Killed Joseph
  7823 | D:10     | Reached skill level 5 in Evocations
  7834 | D:10     | Noticed a gargoyle
  7876 | D:10     | Killed a gargoyle
  7972 | D:10     | Noticed Maurice
  8022 | D:10     | Killed Maurice
  8023 | D:10     | Reached XP level 11. HP: 92/92 MP: 13/13
  8166 | D:10     | Noticed Erica
  8200 | D:10     | Killed Erica
  8201 | D:10     | Reached skill level 5 in Shields
  8239 | D:10     | You fall into a shaft and drop 1 floor!
  8239 | D:11     | Noticed a six-headed hydra
  8240 | D:11     | Reached **** piety under the Shining One
  8248 | D:11     | Killed a six-headed hydra
  8394 | D:11     | Noticed Harold
  8402 | D:11     | Killed Harold
  8642 | D:11     | Reached skill level 8 in Fighting
  8756 | D:11     | Identified the +1 pair of boots of Knowledge {Rampage rF+}
  9438 | D:11     | Noticed an unseen horror
  9442 | D:11     | Killed an unseen horror
  9629 | D:10     | Found a staircase to the Lair.
 10103 | D:12     | Noticed an unseen horror
 10117 | D:12     | Killed an unseen horror
 10118 | D:12     | Reached skill level 9 in Fighting
 10118 | D:12     | Reached XP level 12. HP: 104/104 MP: 16/16
 10350 | D:12     | Found a staircase to the Orcish Mines.
 10709 | D:12     | Found a glowing silver altar of Zin.
 10709 | D:12     | Found a glowing silver altar of Zin.
 10721 | D:12     | Noticed a storm dragon
 10731 | D:12     | Noticed a seven-headed hydra
 10743 | D:12     | Reached skill level 10 in Fighting
 10792 | D:12     | Killed a seven-headed hydra
 10803 | D:12     | Killed a storm dragon
 11024 | D:12     | Reached ***** piety under the Shining One
 11272 | Lair:1   | Entered Level 1 of the Lair of Beasts
 11276 | Lair:1   | Reached skill level 11 in Fighting
 11336 | Lair:1   | Noticed a seven-headed hydra
 11343 | Lair:1   | Killed a seven-headed hydra
 11593 | Lair:1   | Reached skill level 12 in Fighting
 11643 | Lair:1   | Identified the ring "Luavoupp" {rPois Str+2 Dex+6}
 11694 | Lair:1   | Reached skill level 10 in Invocations
 11832 | Lair:1   | Noticed Urug
 11848 | Lair:1   | Killed Urug
 12617 | Lair:2   | Reached XP level 13. HP: 114/118 MP: 19/19
 14996 | Lair:4   | Found a staircase to the Snake Pit.
 15495 | Lair:4   | Found a staircase to the Shoals.
 16264 | Lair:5   | Found a staircase to the Slime Pits.
 16561 | Lair:5   | Reached XP level 14. HP: 114/127 MP: 22/22
 17306 | Lair:5   | Identified the +2 robe of Limitation {Stlth+}
 17640 | Orc:1    | Entered Level 1 of the Orcish Mines
 17860 | Orc:1    | Reached skill level 13 in Fighting
 17887 | Orc:1    | You fall into a shaft and drop 1 floor!
 17887 | Orc:2    | Entered Level 2 of the Orcish Mines
 17896 | Orc:2    | Found a staircase to the Elven Halls.
 18147 | Orc:1    | Found Dekidut's Assorted Antiques.
 18155 | Orc:1    | Bought a potion of heal wounds for 155 gold pieces
 18166 | Orc:1    | Noticed an orc warlord
 18271 | Orc:1    | Killed an orc warlord
 18539 | Orc:2    | Found Ilinamub's Magic Scroll Shoppe.
 18638 | Orc:1    | Reached skill level 10 in Armour
 19223 | Orc:1    | Reached skill level 14 in Fighting
 19642 | Orc:2    | Paralysed by an ogre mage for 6 turns
 19710 | Orc:2    | Reached ****** piety under the Shining One
 19766 | Orc:2    | Found Joeph's Jewellery Shoppe.
 19804 | Orc:2    | Found Iphyjy's Magic Scroll Boutique.
 19876 | Orc:2    | Found Ganidos's Distillery.
 19884 | Orc:2    | Bought a potion of heal wounds for 70 gold pieces
 20207 | Orc:2    | Bought a scroll of enchant armour for 97 gold pieces
 20207 | Orc:2    | Bought a scroll of teleportation for 39 gold pieces
 20207 | Orc:2    | Bought a scroll of identify for 26 gold pieces
 20207 | Orc:2    | Bought a scroll of blinking for 97 gold pieces
 20207 | Orc:2    | Bought a scroll of identify for 26 gold pieces
 20207 | Orc:2    | Bought a scroll of teleportation for 39 gold pieces
 20218 | Orc:2    | Bought a scroll of identify for 24 gold pieces
 20218 | Orc:2    | Bought a scroll of teleportation for 36 gold pieces
 20218 | Orc:2    | Bought a scroll of enchant armour for 90 gold pieces
 20218 | Orc:2    | Bought a scroll of magic mapping for 42 gold pieces
 20218 | Orc:2    | Bought a scroll of teleportation for 36 gold pieces
 20218 | Orc:2    | Bought a scroll of identify for 24 gold pieces
 20218 | Orc:2    | Bought a scroll of teleportation for 36 gold pieces
 20296 | Orc:1    | Bought a scroll of magic mapping for 108 gold pieces
 20426 | D:13     | Reached skill level 10 in Shields
 20550 | D:13     | Noticed Erolcha
 20557 | D:13     | Killed Erolcha
 21151 | D:13     | Found a gate to the Vaults.
 21593 | D:14     | Reached XP level 15. HP: 138/138 MP: 23/23
 22241 | D:14     | Identified a scroll of acquirement
 22242 | D:14     | Acquired 429 gold pieces
 22265 | D:15     | Entered Level 15 of the Dungeon
 22836 | D:15     | Found a staircase to the Depths.
 23248 | D:15     | Noticed Agnes
 23262 | D:15     | Killed Agnes
 23774 | Lair:6   | Entered Level 6 of the Lair of Beasts
 24192 | Lair:6   | Reached skill level 15 in Fighting
 25060 | Snake:1  | Entered Level 1 of the Snake Pit
 25070 | Snake:1  | Identified the +8 trident of Utant {flame, rC+}
 25236 | Snake:1  | Reached skill level 1 in Throwing
 25319 | Snake:1  | Noticed Aizul
 25338 | Snake:1  | Killed Aizul
 25801 | Snake:1  | Found Muboluk's Armour Shop.
 25845 | Snake:1  | Identified the +1 leather armour of Resilience {Str+4}
 26091 | Snake:1  | Found Amatz's Armour Shop.
 26094 | Snake:1  | Found Piocoukuawk's Assorted Antiques.
 26097 | Snake:1  | Found Gutzaimo's Jewellery Boutique.
 26127 | Snake:1  | Bought a lead wand for 140 gold pieces
 26127 | Snake:1  | Bought a wand of acid (11) for 280 gold pieces
 26151 | Snake:1  | Bought a +2 hat for 272 gold pieces
 26164 | Snake:1  | Bought a runed scale mail for 245 gold pieces
 26168 | Snake:1  | Bought a +2 cloak of poison resistance for 314 gold pieces
 26407 | Snake:1  | Reached XP level 16. HP: 144/151 MP: 25/25
 26626 | Snake:1  | Reached skill level 16 in Fighting
 26956 | Snake:2  | Found Payckuk's Antique Weapon Boutique.
 27302 | Snake:2  | Reached skill level 5 in Throwing
 27757 | Snake:2  | Found a large runed translucent door.
 27757 | Snake:2  | Noticed Fekhlan's ghost (journeyman DDNe)
 27758 | Snake:2  | Found a large runed translucent door.
 27900 | Snake:2  | Noticed Vashnia
 27929 | Snake:2  | Killed Vashnia
 28225 | Snake:3  | Reached skill level 17 in Fighting
 28879 | Snake:3  | Reached skill level 18 in Fighting
 29143 | Snake:4  | Entered Level 4 of the Snake Pit
 29225 | Snake:4  | Reached XP level 17. HP: 162/163 MP: 26/26
 30642 | Snake:4  | Found Ulonaodi's Assorted Antiques.
 30670 | Snake:4  | Bought a potion of heal wounds for 145 gold pieces
 30670 | Snake:4  | Bought a pair of embroidered gloves for 217 gold pieces
 30682 | Snake:4  | Found Rikuasigh's Antique Armour Boutique.
 30686 | Snake:4  | Bought an encrusted cloak for 218 gold pieces
 30686 | Snake:4  | Identified the +0 cloak "Mojexibi" {rPois Str+3 Int-2} (You
                  | bought it in a shop on level 4 of the Snake Pit)
 31071 | Snake:4  | Reached skill level 15 in Shields
 31772 | Snake:4  | Got a serpentine rune of Zot
 32061 | Lair:1   | Acquired 535 gold pieces
 32326 | D:7      | Bought a ring of willpower for 350 gold pieces
 32614 | Elf:1    | Entered Level 1 of the Elven Halls
 32709 | Elf:1    | Reached skill level 10 in Dodging
 33247 | Elf:1    | Reached XP level 18. HP: 173/173 MP: 27/27
 33813 | Elf:1    | Reached skill level 19 in Fighting
 33874 | Elf:1    | Found a shimmering blue altar of Sif Muna.
 34032 | Elf:1    | Identified the Reference Book on Creative Confrontation
 34443 | Elf:2    | Found a runed translucent gate.
 34443 | Elf:2    | Found a runed translucent gate.
 34443 | Elf:2    | Found a runed translucent gate.
 34493 | Elf:2    | Found a magical portal.
 34527 | WizLab   | Entered The Hall of the Hellbinder
 35118 | WizLab   | Noticed Fyemp
 35119 | WizLab   | Noticed a Brimstone Fiend
 35136 | WizLab   | Noticed a Tzitzimitl
 35137 | WizLab   | Killed Fyemp the Hellbinder
 35138 | WizLab   | Reached skill level 1 in Slings
 35372 | WizLab   | Found a burning altar of Makhleb.
 35394 | WizLab   | Identified the +6 scimitar of Frustration {freeze, *Contam
                  | rC++ Stlth+}
 35396 | WizLab   | Identified the Incunabulum of the Entourage
 35482 | Elf:2    | Found Cuatroma's General Store.
 35569 | Elf:2    | Bought a scroll of blinking for 142 gold pieces
 36495 | Elf:2    | Reached skill level 20 in Fighting
 36499 | Elf:2    | Reached skill level 5 in Slings
 36754 | Elf:3    | Entered Level 3 of the Elven Halls
 37298 | Elf:3    | Identified the Guide on Sinister Secrets
 37660 | Elf:3    | Reached XP level 19. HP: 115/185 MP: 28/28
 37756 | Elf:3    | HP: 8/185 [deep elf master archer/arrow (31)]
 38181 | Elf:3    | Reached skill level 15 in Armour
 38417 | Elf:3    | Identified the +0 kite shield of the Pit {Dex+8}
 39477 | Elf:3    | Identified the ring "Remaraur" {*Corrode rF+ rN+ Dex+5}
 39522 | Elf:3    | Identified a +5 eveningstar of holy wrath (a +3 eveningstar
                  | of draining blessed by the Shining One)
 39522 | Elf:3    | Received a gift from the Shining One
 40168 | Elf:3    | Identified the +0 robe "Hidufuro" {-Cast rF+++ Regen+
                  | Str+4}
 40168 | Elf:3    | Identified the amulet of Winter {Acrobat Str+4 Stlth+}
 40181 | Elf:3    | Reached skill level 15 in Invocations
 40351 | Elf:3    | Identified the +2 robe of the Gate {+Inv Str+4}
 40388 | Elf:3    | Identified the +12 hunting sling "Yrhal" {freeze, rF+ rN++}
 40428 | Elf:3    | Identified the +7 trident of Pyownouf {freeze, rElec Will+
                  | Int-5 SInv}
 40472 | Elf:3    | Learned a level 4 spell: Manifold Assault
 40814 | Lair:1   | Learned a level 1 spell: Apportation
 40817 | Lair:1   | Learned a level 2 spell: Blink
 40822 | Lair:1   | Learned a level 4 spell: Animate Armour
 40827 | Lair:1   | Learned a level 4 spell: Airstrike
 40935 | D:7      | Bought 6 sling bullets for 45 gold pieces
 40935 | D:7      | Bought 19 sling bullets for 142 gold pieces
 41001 | D:4      | Killed Dvallin's ghost
 41342 | Snake:2  | Killed Fekhlan's ghost
 41747 | Elf:2    | Bought 18 sling bullets for 171 gold pieces
 42063 | Shoals:1 | Entered Level 1 of the Shoals
 42155 | Shoals:1 | Identified The Arcane Arts, Part One
 43236 | Shoals:2 | Found Humakur's Armour Shop.
 43263 | Shoals:2 | Reached skill level 15 in Maces & Flails
 43273 | Shoals:2 | Bought a +0 hat of intelligence for 165 gold pieces
 43289 | Shoals:2 | Noticed Polyphemus
 43313 | Shoals:2 | Killed Polyphemus
 43422 | Shoals:2 | Reached skill level 10 in Slings
 43550 | Shoals:2 | Noticed Ilsuiw
 43578 | Shoals:2 | Killed Ilsuiw
 44002 | Shoals:3 | Reached XP level 20. HP: 127/193 MP: 30/30
 44526 | Shoals:3 | Found Idacw's Jewellery Shoppe.
 44609 | Shoals:4 | Entered Level 4 of the Shoals
 45747 | Shoals:4 | Identified Sif Muna's Volume of Toxic Displacement
 45869 | Shoals:4 | Slain by a merfolk impaler

Illustrated notes

Levels and vault maps discovered:
D:1:      amcnicky_arrival_flooded_fountain, layout_loops_ring
D:2:      layout_loops_cross, zin_scriptorium, nemelex_xobeh_ov_fountains_minmay
D:3:      layout_basic
D:4:      layout_cave_pools, minmay_temple_entry_stoned_glass,
          ebering_ghost_sewer_d, serial_bayou_pond_d, uniq_crazy_yiuf_cottage
D:5:      layout_loops_corners, nicolae_elyvilon_peaceful_grove,
          lemuel_crystal_altar
D:6:      layout_loops_ring, nzn_wu_jian_contemplation,
          minmay_shop_enchanted_jewellery
D:7:      layout_loops_ring, serial_shops, nicolae_shop_crystal,
          nicolae_shop_overgrown_old_shop, shop, nicolae_shop_behind_doors, shop
D:8:      layout_loops_corners, ebering_dispersal_statue_hall, grunt_potential
D:9:      layout_roguey, nicolae_ashenzari_skybound, okawaru_humans
D:10:     layout_long_grid, lair_entry_dummy, uniq_joseph, uniq_erica,
          uniq_maurice
D:11:     minmay_recursive_quarters, layout_basic, uniq_harold
D:12:     layout_long_grid, erik_orc_1, jmf_multi_god_temple
D:13:     layout_rooms, david_vaults_4, uniq_erolcha
D:14:     layout_irregular_city, serial_column_ruins, column_ruins_hut,
          column_ruins_square_huge, column_ruins_open_medium,
          column_ruins_grid_1, column_ruins_columns_dead_end,
          column_ruins_corridor_straight, column_ruins_columns_T,
          kennysheep_nondescript
D:15:     gammafunk_depths_entry_grave, layout_loops_ring, serial_park_fountain,
          uniq_agnes
Temple:   eino_temple_rhombus
Lair:1:   layout_hall_layers, minmay_lair_oklob_chamber, serial_bayou_shore_b,
          uniq_urug
Lair:2:   layout_cave_shapes
Lair:3:   layout_layer_cave, serial_bayou_pond_e,
          chequers_serial_rivers_large_a, hangedman_lair_generics_rect,
          lemuel_fruit_fields, grunt_megastairs_3
Lair:4:   layout_layer_cave, elwin_shoals_entry_rocks,
          guppyfry_snake_entry_island
Lair:5:   layout_gridlike, minmay_slime_entry_pillars, wad_woods_03
Lair:6:   grunt_lair_end_beastmaster, layout_hall_layers, grunt_megastairs_1
Shoals:1: layout_shoals, nicolae_shoals_seven_spires
Shoals:2: layout_shoals, serial_shops, shop, uniq_polyphemus, uniq_ilsuiw
Shoals:3: layout_shoals, serial_shops, nicolae_shop_behind_doors, st_shoals_ruin
Shoals:4: shoals_end_hangedman, layout_shoals
Snake:1:  layout_chambers, grunt_megastairs_5, serial_bayou_shore_a,
          minmay_shoptagon, uniq_aizul
Snake:2:  layout_gridlike, ebering_ghost_disaster_area, serial_shops,
          nicolae_shop_crystal, nrook_guardian_serpent_double, uniq_vashnia
Snake:3:  layout_misc_corridors
Snake:4:  johnstein_snake_rune_scales, layout_cave_town, minmay_shop_star
Orc:1:    cheibrodos_orc_arena, layout_caves, serial_shops,
          nicolae_shop_overgrown_old_shop
Orc:2:    st_orc_open, layout_caves
Elf:1:    layout_loops_cross, minmay_elf_sorcery, lemuel_blue_sif_altar
Elf:2:    layout_geoelf_grid, serial_shops, shop, mu_enter_wizlab_1,
          wad_floor_pattern_1
Elf:3:    minmay_elf_hall, layout_loops_cross, corexii_checkpoint_a,
          minmay_elf_necromancy

Skill      XL: |  1  2  3  4  5  6  7  8  9 10 11 12 13 14 15 16 17 18 19 20 |
---------------+-------------------------------------------------------------+-----
Maces & Flails | 1 2 3 5 6 7 9 11 12 13 15 16 | 16.1
Fighting       | 3 4 5 6 7 9 12 14 15 18 20 | 20.0
Armour         | 4 7 9 12 14 15 | 15.8
Invocations    | 2 3 5 6 10 12 13 14 15 16 | 16.0
Dodging        | 5 7 8 9 10 12 | 12.0
Evocations     | 2 5 7 9 |  9.0
Shields        | 3 7 9 11 12 15 | 15.0
Throwing       | 3 5 |  5.0
Slings         | 6 10 11 | 11.5
Long Blades    | |  3.6
Axes           | |  1.2
Stealth        | |  1.0

Action                   |  1- 3 |  4- 6 |  7- 9 | 10-12 | 13-15 | 16-18 | 19-21 || total
-------------------------+-------+-------+-------+-------+-------+-------+-------++-------
Melee: Falchion          |    19 |       |       |       |       |       |       ||    19
       Mace              |    46 |    92 |    10 |       |       |       |       ||   148
       Headbutt          |     1 |    11 |    42 |    98 |   313 |   328 |   116 ||   909
       Flail             |       |       |   212 |   297 |       |       |       ||   509
       Unarmed           |       |       |       |     5 |       |       |       ||     5
       Whip              |       |       |       |    92 |  1042 |  1204 |   140 ||  2478
       Eveningstar       |       |       |       |       |       |       |   319 ||   319
 Fire: Hunting sling     |       |       |       |    84 |   499 |   628 |   313 ||  1524
Throw: Stone             |    30 |    32 |    14 |     1 |       |       |       ||    77
       Dart              |     7 |     4 |     2 |       |       |       |       ||    13
       Boomerang         |       |       |    57 |    79 |     9 |    15 |       ||   160
       Javelin           |       |       |       |       |       |       |     2 ||     2
Invok: Summon Divine War |       |       |       |       |     2 |     3 |       ||     5
       Cleansing Flame   |       |       |       |       |       |    13 |     5 ||    18
       Brand Weapon With |       |       |       |       |       |       |     1 ||     1
Evoke: Wand              |       |       |       |    22 |    19 |    16 |     4 ||    61
  Use: Scroll            |       |     8 |     2 |    11 |    12 |    13 |     6 ||    52
       Potion            |       |       |     2 |     3 |     7 |     3 |     3 ||    18
Armor: Ring mail         |    16 |       |       |       |       |       |       ||    16
       Chain mail        |    12 |    63 |    62 |       |       |       |       ||   137
       Scale mail        |       |       |    31 |   140 |   283 |   323 |   111 ||   888
Dodge: Dodged            |    26 |    29 |   137 |   260 |   480 |   451 |   235 ||  1618
Block: Kite shield       |       |       |       |       |   362 |   652 |   338 ||  1352
       Reflection        |       |       |       |       |       |       |    16 ||    16
       Rpst.: Falchion   |     2 |       |       |       |       |       |       ||     2

Table legend: (Time is in decaauts)
 A = Elapsed time spent in this place.
 B = Non-inter-level travel time spent in this place.
 C = Inter-level travel time spent in this place.
 D = Time resting spent in this place.
 E = Time spent auto-exploring this place.
 F = Levels seen in this place.
 G = Mean time per level.
                   A        B        C        D        E       F      G
               +--------+--------+--------+--------+--------+-----+--------+
         Total |  44892 |  39489 |   5403 |   5843 |  23099 |  36 | 1247.0 |
       Dungeon |  15680 |  13300 |   2380 |   1327 |   8895 |  15 | 1045.3 |
        Temple |    220 |    199 |     21 |      0 |    199 |   1 |  220.0 |
          Lair |   8745 |   7027 |   1718 |    359 |   5063 |   6 | 1457.5 |
        Shoals |   3404 |   3239 |    165 |    170 |   2234 |   4 |  851.0 |
     Snake Pit |   6637 |   6397 |    240 |   1309 |   3359 |   4 | 1659.2 |
  Orcish Mines |   2971 |   2498 |    473 |    383 |   1084 |   2 | 1485.5 |
   Elven Halls |   6387 |   5982 |    405 |   1991 |   2151 |   3 | 2129.0 |
        Wizlab |    844 |    844 |      0 |    303 |    112 |   1 |  844.0 |
               +--------+--------+--------+--------+--------+-----+--------+

Top non-repeatable levels by time:
   Elf:3: 3095 daAuts
  Lair:1: 2016 daAuts
   Orc:1: 1930 daAuts
    D:11: 1899 daAuts
 Snake:4: 1872 daAuts
 Snake:1: 1825 daAuts
   Elf:1: 1742 daAuts
  Lair:4: 1613 daAuts
   Elf:2: 1548 daAuts
    D:12: 1541 daAuts
 Snake:3: 1538 daAuts
  Lair:2: 1497 daAuts
  Lair:3: 1495 daAuts
 Snake:2: 1401 daAuts
     D:8: 1299 daAuts
